 Dungeon Crawl Stone Soup version 0.23-a0-650-ga4d50d4d25 (webtiles) character file.

23400 Mazzaar the Geomancer (level 13, -13/78 HPs)
             Began as a Gargoyle Earth Elementalist on Jan 5, 2019.
             Was a High Priest of Vehumet.
             Mangled by an enormous slime creature (76 damage)
             ... on level 13 of the Dungeon on Jan 6, 2019.
             The game lasted 00:46:04 (13516 turns).

Mazzaar the Geomancer (GrEE)                       Turns: 13516, Time: 00:46:04

Health: -13/78     AC: 17    Str: 16    XL:     13   Next: 6%
Magic:  23/34      EV: 14    Int: 20    God:    Vehumet [*****.]
Gold:   305        SH:  0    Dex: 10    Spells: 15/29 levels left

rFire    + . .     SeeInvis +   I - +1 trident (freeze)
rCold    + . .     Gourm    .   (no shield)
rNeg     + . .     Faith    .   e - +2 robe {rC+ rF+}
rPois    ∞         Spirit   .   v - +0 helmet
rElec    +         Reflect  .   n - +0 cloak
rCorr    .         Harm     .   L - +0 pair of gloves {Str+3}
MR       .....                  (no boots)
Stlth    ++........             (no amulet)
HPRegen  0.23/turn              g - ring of magical power
MPRegen  0.24/turn              t - ring of see invisible

@: flying
A: big wings, fangs 1, negative energy resistance 1, electricity resistance,
unbreathing, petrification resistance, rot immunity, AC +9
a: Stop Flying, Renounce Religion


You were on level 13 of the Dungeon.
You worshipped Vehumet.
Vehumet was extremely pleased with you.
You were not hungry.

You visited 2 branches of the dungeon, and saw 14 of its levels.

You collected 778 gold pieces.
You spent 473 gold pieces at shops.

Inventory:

Hand Weapons
 u - a +2 spear of piercing
 I - a +1 trident of freezing (weapon)
Missiles
 b - 32 stones (quivered)
 y - 5 throwing nets
Armour
 e - a +2 robe of resistance (worn)
 n - a +0 cloak (worn)
 v - a +0 helmet (worn)
 L - a +0 pair of gloves of strength (worn)
Magical Staves
 x - an uncursed staff of wizardry
 z - an uncursed staff of earth
Jewellery
 g - a ring of magical power (left hand)
 t - a ring of see invisible (right hand)
Wands
 o - a wand of polymorph (13)
 r - a wand of acid (7)
 B - a wand of disintegration (9)
 C - a wand of paralysis (9)
 G - a wand of iceblast (7)
 N - a wand of flame (19)
Scrolls
 i - 3 scrolls of remove curse
 j - 7 scrolls of magic mapping
 k - 11 scrolls of teleportation
 D - a scroll of immolation
 E - a scroll of enchant weapon
 F - a scroll of brand weapon
 M - a scroll of identify
Potions
 a - 2 potions of ambrosia
 c - 3 potions of magic
 f - 2 potions of invisibility
 h - 3 potions of lignification
 l - 4 potions of heal wounds
 m - 4 potions of curing
 p - a potion of haste
 q - 2 potions of mutation
 s - a potion of might
 A - a potion of brilliance
 J - a potion of flight
 K - a potion of agility
Miscellaneous
 H - a sack of spiders
Comestibles
 d - 26 rations
 w - 6 chunks of flesh


   Skills:
 + Level 8.1 Fighting
 + Level 6.6 Polearms
 - Level 6.0 Armour
 + Level 6.2 Dodging
 - Level 2.1 Stealth
 + Level 8.8 Spellcasting
 + Level 9.8 Conjurations
   Level 0.7 Transmutations
 + Level 11.5 Earth Magic
 + Level 4.4 Evocations


You had 15 spell levels left.
You knew the following spells:

 Your Spells              Type           Power        Failure   Level  Hunger
a - Sandblast             Erth           ######       1%          1    None
b - Stone Arrow           Conj/Erth      ######       1%          3    None
c - Lee's Rapid Deconstr  Erth           ######....   1%          5    #####..
d - Bolt of Draining      Conj/Necr      ####......   8%          5    #####..

Your spell library contained the following spells:

 Spells                   Type           Power        Failure   Level  Hunger
 Orb of Destruction       Conj           #####.....   28%         7    #######
 Passwall                 Tmut/Erth      ####....     1%          2    None
 Petrify                  Tmut/Erth      ####....     6%          4    ###....
 Corpse Rot               Necr           N/A          12%         2    None
 Agony                    Necr           #.......     91%         5    #####..
 Dispel Undead            Necr           #.......     91%         5    #####..
 Excruciating Wounds      Chrm/Necr      #.........   91%         5    #####..
 Sublimation of Blood     Necr           Unusable     N/A         2    N/A

Dungeon Overview and Level Annotations

Branches:
Dungeon (13/15)            Temple (1/1) D:7            Lair (0/6) D:11
    Orc (0/2) D:11
 Vaults: D:13-14

Altars:
Ashenzari
Gozag
Hepliaklqana
Kikubaaqudgha
Makhleb
Qazlal
Ru
Sif Muna
Uskayaw
Vehumet
Wu Jian
Xom
Zin

Shops:
D:6 %   D:9 ?


Innate Abilities, Weirdness & Mutations

You are resistant to torment.
Your stone body is resilient. (AC +9)
You are immune to poison.
You resist negative energy. (rN+)
You are resistant to electric shocks. (rElec)
You can survive without breathing.
You are immune to petrification.
You are immune to rotting.
Your large and strong wings let you fly indefinitely.
You have very sharp teeth.


Message History

Casting: Sandblast (safe; 1% risk of failure)
Confirm with . or Enter, or press ? or * to list all spells.
Aiming: Sandblast (safe; 1% risk of failure)
Press: ? - help, Shift-Dir - straight line, f/p - enormous slime creature
Aim: an enormous slime creature (moderately wounded)
The blast of sand hits the enormous slime creature.
The enormous slime creature is heavily wounded.
b - 33 stones The enormous slime creature closely misses you.
Casting: Sandblast (safe; 1% risk of failure)
Confirm with . or Enter, or press ? or * to list all spells.
Aiming: Sandblast (safe; 1% risk of failure)
Press: ? - help, Shift-Dir - straight line, f/p - enormous slime creature
Aim: an enormous slime creature (heavily wounded)
The blast of sand hits the enormous slime creature.
The enormous slime creature is heavily wounded.
b - 32 stones The enormous slime creature hits you!!!!
Ouch! That really hurt!
You die...

###..#....#....#
#..######....# ....
#............#+###....
#.....................
....................
....................
###..........>..........
.................J......
................@.......
....#####..........#####
.... #.....)....# ....
#..........# ####
###........# #....#####
#....# ######


You could see an enormous slime creature.

Vanquished Creatures
  Harold (D:7)
  4 hydras
  Erica (D:8)
  A centaur warrior (D:13)
  3 two-headed ogres
  An unseen horror (D:10)
  A deep elf mage (D:13)
  The ghost of CheiIsBae the Carver, a novice DsGl of Uskayaw (D:7)
  An ugly thing (D:12)
  A cyclops (D:12)
  A gargoyle (D:12)
  Joseph (D:8)
  2 trolls
  A merfolk (D:10)
  A hornet (D:10)
  7 hippogriffs
  2 slime creatures
  Sigmund (D:5)
  A wyvern (D:9)
  2 vampires
  17 yaks
  3 hungry ghosts
  Menkaure (D:7)
  A vampire mosquito (D:11)
  Edmund (D:4)
  2 wargs (D:11)
  A water moccasin (D:7)
  6 orc warriors
  A black bear (D:10)
  An ice beast (D:8)
  3 phantoms
  4 sky beasts
  4 ogres
  11 centaurs
  A crocodile (D:10)
  2 big kobolds
  4 bullfrogs
  2 water moccasin skeletons
  4 scorpions
  6 killer bees (D:9)
  10 wights
  6 howler monkeys
  5 bullfrog zombies
  6 quasits
  Crazy Yiuf (D:2)
  5 centaur skeletons
  12 crimson imps
  5 jellies
  2 centaur zombies
  3 hounds
  9 orc priests
  A bullfrog skeleton (D:5)
  Jessica (D:2)
  9 orc wizards
  12 worker ants
  An iguana (D:4)
  2 hound zombies
  Robin (D:4)
  4 gnolls (D:4)
  8 adders
  4 shadow imps
  2 white imps (D:7)
  13 oozes
  3 worms
  3 dart slugs
  6 leopard geckos
  38 orcs
  3 ball pythons
  7 giant cockroaches
  13 goblins
  10 hobgoblins
  5 jackals
  7 quokkas
  4 bats
  A frilled lizard (D:4)
  15 kobolds
  12 rats
358 creatures vanquished.

Vanquished Creatures (others)
  A worm (D:3)
  A dart slug (D:3)
  A kobold (D:3)
  12 fungi (D:8)
15 creatures vanquished.

Grand Total: 373 creatures vanquished

Notes
Turn   | Place    | Note
-------+----------+-------------------------------------------
     0 | D:1      | Mazzaar the Gargoyle Earth Elementalist began the quest for
                  | the Orb.
     0 | D:1      | Reached XP level 1. HP: 10/10 MP: 3/3
   177 | D:1      | Reached skill level 4 in Earth Magic
   177 | D:1      | Reached XP level 2. HP: 13/15 MP: 5/5
  1026 | D:1      | Reached XP level 3. HP: 16/19 MP: 6/6
  1031 | D:1      | Learned a level 3 spell: Stone Arrow
  1495 | D:2      | Reached skill level 1 in Conjurations
  1702 | D:2      | Reached XP level 4. HP: 16/24 MP: 8/8
  1875 | D:2      | Found a runed door.
  1879 | D:2      | Noticed Crazy Yiuf
  1884 | D:2      | Killed Crazy Yiuf
  2105 | D:2      | Noticed Jessica
  2108 | D:2      | Killed Jessica
  2108 | D:2      | Reached skill level 5 in Earth Magic
  2108 | D:2      | Reached XP level 5. HP: 25/28 MP: 9/9
  2115 | D:2      | Learned a level 5 spell: Lee's Rapid Deconstruction
  2588 | D:3      | Found a sacrificial altar of Ru.
  2755 | D:3      | Found an opulent altar of Gozag.
  2812 | D:3      | Reached XP level 6. HP: 32/32 MP: 11/11
  3388 | D:4      | Noticed Robin
  3417 | D:4      | Reached skill level 6 in Earth Magic
  3770 | D:4      | Found a hide-covered altar of Uskayaw.
  3775 | D:4      | Found a deep blue altar of Sif Muna.
  3908 | D:4      | Found a shattered altar of Ashenzari.
  3978 | D:4      | Noticed Edmund
  3993 | D:4      | Killed Edmund
  3993 | D:4      | Reached XP level 7. HP: 36/36 MP: 11/13
  4276 | D:4      | Killed Robin
  4759 | D:5      | Entered Level 5 of the Dungeon
  4785 | D:5      | Noticed Sigmund
  4791 | D:5      | Killed Sigmund
  4791 | D:5      | Reached skill level 5 in Spellcasting
  4791 | D:5      | Reached skill level 7 in Earth Magic
  4791 | D:5      | Reached XP level 8. HP: 35/41 MP: 13/15
  4791 | D:5      | Reached skill level 5 in Conjurations
  5287 | D:6      | Reached skill level 8 in Earth Magic
  5353 | D:6      | Found Mixkydip's Food Emporium.
  5415 | D:6      | Found a burning altar of Makhleb.
  5473 | D:6      | Reached skill level 1 in Fighting
  5473 | D:6      | Reached skill level 1 in Armour
  5539 | D:6      | Reached skill level 1 in Polearms
  5943 | D:6      | Reached XP level 9. HP: 27/48 MP: 17/17
  6673 | D:7      | Noticed Menkaure
  6679 | D:7      | Killed Menkaure
  6688 | D:7      | Gained mutation: You are agile. (Dex +2) [potion of
                  | mutation]
  6688 | D:7      | Lost mutation: You are agile. (Dex +2) [potion of mutation]
  6688 | D:7      | Gained mutation: Your large and strong wings let you fly
                  | indefinitely. [potion of mutation]
  6688 | D:7      | Gained mutation: You have very sharp teeth. [potion of
                  | mutation]
  6956 | D:7      | Found a transporter.
  7057 | D:7      | Found a staircase to the Ecumenical Temple.
  7068 | Temple   | Entered the Ecumenical Temple
  7100 | Temple   | Became a worshipper of Vehumet
  7222 | D:7      | Noticed Harold
  7235 | D:7      | Killed Harold
  7235 | D:7      | Reached skill level 9 in Earth Magic
  7235 | D:7      | Reached XP level 10. HP: 25/56 MP: 19/19
  7435 | D:7      | Found a transporter.
  7437 | D:7      | Noticed CheiIsBae's ghost (novice DsGl)
  7681 | D:7      | Killed CheiIsBae's ghost
  8264 | D:8      | Reached * piety under Vehumet
  8264 | D:8      | Offered knowledge of Sting by Vehumet.
  8276 | D:8      | Reached skill level 5 in Fighting
  8518 | D:8      | Noticed Joseph
  8528 | D:8      | Killed Joseph
  8528 | D:8      | Reached skill level 5 in Armour
  8777 | D:8      | Noticed Erica
  8787 | D:8      | Paralysed by Erica for 7 turns
  8797 | D:8      | Killed Erica
  8797 | D:8      | Reached XP level 11. HP: 61/64 MP: 9/21
  9210 | D:8      | Reached skill level 10 in Earth Magic
  9213 | D:8      | Reached ** piety under Vehumet
  9399 | D:9      | Offered knowledge of Magic Dart by Vehumet.
  9578 | D:9      | Found Loc Simp's Magic Scroll Shoppe.
  9587 | D:9      | Bought a scroll of immolation for 45 gold pieces
  9587 | D:9      | Bought a scroll of enchant weapon for 97 gold pieces
  9587 | D:9      | Bought a scroll of magic mapping for 45 gold pieces
  9587 | D:9      | Bought a scroll of brand weapon for 260 gold pieces
  9587 | D:9      | Bought a scroll of identify for 26 gold pieces
 10159 | D:10     | Entered Level 10 of the Dungeon
 10174 | D:10     | Noticed a two-headed ogre
 10179 | D:10     | Killed a two-headed ogre
 10331 | D:10     | Reached skill level 1 in Evocations
 10411 | D:10     | Noticed an unseen horror
 10425 | D:10     | Killed an unseen horror
 10425 | D:10     | Offered knowledge of Dazzling Spray by Vehumet.
 10425 | D:10     | Reached skill level 5 in Polearms
 10675 | D:10     | Reached *** piety under Vehumet
 10724 | D:10     | Reached skill level 5 in Dodging
 10831 | D:10     | Got a fine hand axe
 10833 | D:10     | Identified the cursed +1 hand axe of Starshine {chop,
                  | Dex+3} (You found it on level 10 of the Dungeon)
 11136 | D:11     | Offered knowledge of Airstrike by Vehumet.
 11382 | D:11     | Found a staircase to the Lair.
 11510 | D:11     | Reached **** piety under Vehumet
 11623 | D:11     | Found a staircase to the Orcish Mines.
 11666 | D:11     | Noticed a two-headed ogre
 11674 | D:11     | Killed a two-headed ogre
 11674 | D:11     | Reached XP level 12. HP: 65/71 MP: 24/24
 11789 | D:11     | Learned a level 5 spell: Bolt of Draining
 12295 | D:12     | Offered knowledge of Sticky Flame by Vehumet.
 12295 | D:12     | Noticed a six-headed hydra
 12300 | D:12     | Killed a six-headed hydra
 12518 | D:12     | Noticed a five-headed hydra
 12523 | D:12     | Killed a five-headed hydra
 12523 | D:12     | Reached skill level 11 in Earth Magic
 12651 | D:12     | Noticed a two-headed ogre
 12656 | D:12     | Killed a two-headed ogre
 12943 | D:13     | Noticed a four-headed hydra
 12948 | D:12     | Killed a four-headed hydra
 13233 | D:13     | Reached ***** piety under Vehumet
 13400 | D:13     | Offered knowledge of Orb of Destruction by Vehumet.
 13427 | D:13     | Noticed a five-headed hydra
 13435 | D:13     | Killed a five-headed hydra
 13435 | D:13     | Reached XP level 13. HP: 78/78 MP: 24/25
 13516 | D:13     | Mangled by an enormous slime creature

Vault maps used:
D:1:      sevenhm_arrival_forest_fort_small_5, nrook_loot_triangle, minivault_11
D:2:      hangedman_decor_lopped, uniq_crazy_yiuf_cottage, uniq_jessica
D:3:      nicolae_ru_great_annihilating_truth, lemuel_crystal_altar,
          lemuel_flame_loot_1
D:4:      minitemple, ashenzari_altar_1, uniq_robin, uniq_edmund
D:5:      first_ration, uniq_sigmund
D:6:      serial_shops, nicolae_shop_behind_doors, lemuel_statue_altar
D:7:      minmay_temple_entry_overgrown, gammafunk_ghost_stat_death,
          minmay_liquid_box, minmay_nine_imps, uniq_harold, uniq_menkaure
D:8:      lemuel_slime, uniq_joseph, uniq_erica
D:9:      serial_shops, nicolae_shop_behind_doors
D:10:     st_stairs_14, hangedman_fish_farm
D:11:     erik_lair_orcish_takeover, small_chamber_with_monster
D:13:     minmay_the_grid_triangle_9x9_rhombus_thin_mashed, serial_shops,
          kennysheep_mini, serial_bayou_pond_e, minmay_misc_feat_secret_circle
Temple:   minmay_crystal_spiral_temple

Skill      XL: |  1  2  3  4  5  6  7  8  9 10 11 12 |
---------------+-------------------------------------+-----
Earth Magic    | 4 5 6 7 8 9 10 11 | 11.5
Conjurations   | 1 2 4 6 7 8 9 |  9.8
Spellcasting   | 3 4 5 6 7 8 |  8.8
Fighting       | 1 4 5 6 8 |  8.1
Armour         | 1 4 5 6 |  6.0
Polearms       | 1 3 4 5 6 |  6.6
Dodging        | 2 3 4 5 6 |  6.2
Evocations     | 2 4 |  4.4
Stealth        | |  2.1
Transmutations | |  0.7

Action                   |  1- 3 |  4- 6 |  7- 9 | 10-12 | 13-15 || total
-------------------------+-------+-------+-------+-------+-------++-------
Melee: Mace              |    56 |    77 |       |       |       ||   133
       Club              |    18 |       |       |       |       ||    18
       Dagger            |       |    32 |     1 |       |       ||    33
       Spear             |       |       |   229 |   222 |       ||   451
       Bite              |       |       |     1 |    27 |       ||    28
       Trident           |       |       |       |   119 |       ||   119
 Cast: Sandblast         |    19 |    53 |    75 |   139 |    12 ||   298
       Stone Arrow       |       |    18 |    10 |    95 |     5 ||   128
       Lee's Rapid Decon |       |       |     6 |    40 |       ||    46
       Bolt of Draining  |       |       |       |     1 |       ||     1
 Abil: Fly               |       |       |     1 |       |       ||     1
Evoke: Wand              |       |       |     2 |    10 |       ||    12
  Use: Scroll            |     4 |     2 |     2 |    10 |       ||    18
       Potion            |       |       |     1 |     1 |       ||     2
 Stab: Sleeping          |     2 |     5 |     3 |     3 |       ||    13
       Paralysed         |       |     1 |       |       |       ||     1
  Eat: Chunk             |     2 |    10 |    13 |    32 |       ||    57
Armor: Robe              |    26 |    55 |   118 |   188 |     3 ||   390
Dodge: Dodged            |    60 |    97 |   159 |   269 |     3 ||   588

Table legend:
 A = Non-vault XP
 B = Vault XP
 C = Vault XP percentage of total XP
 D = Non-vault monster count
 E = Vault monster count
 F = Vault count percentage of total count
                 A         B        C        D         E       F
            +---------+---------+-------+---------+---------+-------
      Total |   26914 |    6515 |  19.5 |     296 |      63 |  17.5
            +---------+---------+-------+---------+---------+-------
        D:1 |      37 |       0 |   0.0 |      22 |       0 |   0.0
        D:2 |      65 |      81 |  55.5 |      19 |       2 |   9.5
        D:3 |     205 |       7 |   3.3 |      24 |       4 |  14.3
        D:4 |     283 |     197 |  41.0 |      19 |      12 |  38.7
        D:5 |     608 |     238 |  28.1 |      15 |       1 |   6.2
        D:6 |     997 |       0 |   0.0 |      19 |       0 |   0.0
        D:7 |    1068 |    2179 |  67.1 |      14 |      15 |  51.7
        D:8 |    2515 |    1806 |  41.8 |      45 |      17 |  27.4
        D:9 |    1725 |       0 |   0.0 |      27 |       0 |   0.0
       D:10 |    4220 |     352 |   7.7 |      22 |       2 |   8.3
       D:11 |    1829 |     755 |  29.2 |      22 |       9 |  29.0
       D:12 |    7152 |       0 |   0.0 |      20 |       0 |   0.0
       D:13 |    6210 |     900 |  12.7 |      28 |       1 |   3.4
            +---------+---------+-------+---------+---------+-------
